 Dungeon Crawl Stone Soup version 0.18-a0-486-gab6c0bd (webtiles) character file.

45 M4edhros the Charlatan (level 3, -9/23 HPs)
             Began as an Octopode Artificer on Dec 2, 2015.
             Killed by divine providence
             ... invoked by an orc priest
              (13 damage)
             ... on level 3 of the Dungeon.
             The game lasted 00:01:13 (1123 turns).

M4edhros the Charlatan (Octopode Artificer)         Turns: 1123, Time: 00:01:13

Health: -9/23      AC:  1    Str: 10    XL:     3   Next: 64%
Magic:  6/6        EV: 12    Int: 15    God:
Gold:   135        SH:  0    Dex: 12    Spells: 0 memorised, 2 levels left

rFire  . . .     SeeInvis .     a - +0 short sword
rCold  . . .     Clarity  .     (no shield)
rNeg   . . .     SustAt   .     (helmet restricted)
rPois  .         Gourm    .     t - amulet of stasis
rElec  .         Spirit   .     (no ring)
rCorr  .         Dismiss  .     (no ring)
rMut   .         Stasis   +     (no ring)
MR     .....                    (no ring)
Stlth  ++++......               (no ring)
                                (no ring)
                                (no ring)
                                (no ring)

@: not resistant to hostile enchantments, stealthy
A: almost no armour, amphibious, 8 rings, constrict 8, camouflage 1, gelatinous
body 1
a: no special abilities


You were on level 3 of the Dungeon.
You were not hungry.

You visited 1 branch of the dungeon, and saw 3 of its levels.

You collected 135 gold pieces.

Inventory:

Hand Weapons
 a - a +0 short sword (weapon)
Missiles
 l - 90 stones (quivered)
Jewellery
 t - an amulet of stasis (around mantle)
Wands
 b - a wand of flame (15)
 c - a wand of enslavement (11)
 d - a wand of random effects (15)
Scrolls
 f - a scroll of noise {unknown}
 i - 2 scrolls of identify {unknown}
 j - 4 scrolls of teleportation {unknown}
 m - 2 scrolls of recharging {unknown}
 o - 5 scrolls of remove curse {unknown}
 p - a scroll of enchant weapon {unknown}
 r - a scroll of fog {unknown}
Potions
 g - a potion of heal wounds {unknown}
 k - 2 potions of cancellation {unknown}
 n - a potion of poison {unknown}
 u - a potion of curing {unknown}
Comestibles
 e - 2 bread rations
 h - 3 slices of pizza
 q - a beef jerky
 s - a meat ration


   Skills:
 - Level 1.0 Fighting
 - Level 1.0 Short Blades
 - Level 2.0 Dodging
 + Level 3.9 Stealth
 + Level 4.0 Evocations


You had 2 spell levels left.
You didn't know any spells.

Dungeon Overview and Level Annotations

Branches:
Dungeon (3/15)

Altars:
Ashenzari


Innate Abilities, Weirdness & Mutations

You cannot wear most types of armour.
You are amphibious.
You can wear up to eight rings at the same time.
You can use your tentacles to constrict eight enemies at once.
Your skin changes colour to match your surroundings (Stealth).
Your rubbery body absorbs attacks (AC +1).


Message History

The orc priest invokes the aid of Beogh against you.
Something smites you!
* * * LOW HITPOINT WARNING * * *
Drink which item? (? for menu, Esc to quit)
Okay, then.
Evoke which item? (* to show all) (? for menu, Esc to quit)
Zapping:
c - a wand of enslavement (13)
Press: ? - help, Shift-Dir - straight line, f/p - orc
Aim: an orc, wielding a flail and wearing a ring mail (chance to defeat MR: 85%)
The orc struggles to resist.
This wand has 12 charges left.
The orc closely misses you.
Evoke which item? (* to show all) (? for menu, Esc to quit)
Zapping:
c - a wand of enslavement (12)
Press: ? - help, Shift-Dir - straight line, f/p - orc
Aim: an orc, wielding a flail and wearing a ring mail (chance to defeat MR: 85%)
The orc is charmed.
This wand has 11 charges left.
The orc priest mumbles some strange prayers to Beogh against you.
Something smites you!
Ouch! That really hurt!
You die...

$.. ......8.8 #.#
####......8.
####.####..........
#..$............#
#.##.####.......####
# #.# #...........
#o#..(...#.#.###.
##o#.##...#.# ..
#@.# #...#.# .. #=##
#####.# #.# #.# #.#
##.# #.# ###..# #.#
#....# #.# #.#..#
#.# #.#..#
#....######


You could see an orc priest and a friendly orc.

Vanquished Creatures
  A gnoll (D:1)
  A worm (D:3)
  2 giant geckos (D:1)
  An orc (D:3)
  2 ball pythons
  3 bats
  3 giant cockroaches
  4 goblins
  2 hobgoblins (D:1)
  4 kobolds
  2 giant newts
  5 rats
30 creatures vanquished.

Notes
Turn   | Place    | Note
--------------------------------------------------------------
     0 | D:1      | M4edhros the Octopode Artificer began the quest for the Orb.
     0 | D:1      | Reached XP level 1. HP: 13/13 MP: 3/3
   117 | D:1      | Reached XP level 2. HP: 8/18 MP: 4/4
   481 | D:1      | Reached XP level 3. HP: 20/23 MP: 5/5
   578 | D:1      | You fall through a shaft!
   896 | D:3      | Found a shattered altar of Ashenzari.
   949 | D:3      | Reached skill level 4 in Evocations
  1097 | D:3      | Found a faded altar to an unknown god.
  1123 | D:3      | Killed from afar by an orc priest

Vault maps used:
D:1:      dpeg_arrival_oval, grunt_decor_mini_mirrors, tso_altar
D:2:      lightli_temple_of_fire, okawaru_altar_gauntlet_db
D:3:      ecumenical_altar_2, nicolae_ashenzari_panopticon,
          uniq_crazy_yiuf_cottage

Action                   || total
-------------------------++-------
Melee: Short sword       ||    57
Evoke: Wand              ||     4
 Stab: Sleeping          ||     7
  Eat: Chunk             ||     1
